3AAA
GRYFINDOR BRAVES @ AUGUSTA TIMBER HAWKS
06/27/2018
 
TOP OF THE 1ST
Gryfindor Braves batting - Pitching for Augusta Timber Hawks : RHP Norm Burris
Pitching: RHP Norm Burris
Batting: RHB Jong-duk Kim 0-0: Called Strike
0-1: Ball
1-1: Foul Ball, location: 2F
1-2: Ground out 6-3 (Groundball, 6)
Batting: RHB António Santana 0-0: Ball
1-0: Foul Ball, location: 2F
1-1: Foul Ball, location: 2F
1-2: Ball
2-2: Foul Ball, location: 2F
2-2: Strikes out swinging
Batting: RHB Jim Unknown 0-0: Ball
1-0: Called Strike
1-1: Ball
2-1: Foul Ball, location: 2F
2-2: Foul Ball, location: 2F
2-2: Foul Ball, location: 2F
2-2: Ball
3-2: Strikes out swinging
Top of the 1st over - 0 run(s), 0 hit(s), 0 error(s), 0 left on base; Gryfindor 0 - Augusta 0
BOTTOM OF THE 1ST
Augusta Timber Hawks batting - Pitching for Gryfindor Braves : RHP Sandro So Payo
Pitching: RHP Sandro So Payo
Batting: RHB Billy Strauss 0-0: Ball
1-0: Ball
2-0: Called Strike
2-1: Ground out 6-3 (Groundball, 6)
Batting: SHB Lawrence Franklin 0-0: Ball
1-0: Called Strike
1-1: Ball
2-1: Swinging Strike
2-2: Ground out 6-3 (Groundball, 6)
Batting: RHB Bob Dickerson 0-0: Ball
1-0: Called Strike
1-1: Ball
2-1: Foul Ball, location: 2F
2-2: Ball
3-2: Strikes out swinging
Bottom of the 1st over - 0 run(s), 0 hit(s), 0 error(s), 0 left on base; Gryfindor 0 - Augusta 0
TOP OF THE 2ND
Gryfindor Braves batting - Pitching for Augusta Timber Hawks : RHP Norm Burris
Batting: RHB Jim Unknown 0-0: Ball
1-0: Ball
2-0: Called Strike
2-1: SOLO HOME RUN (Flyball, 89XD), Distance : 434 ft
Batting: RHB Jim Unknown 0-0: Ground out 6-3 (Groundball, 6)
Batting: RHB Manuel González 0-0: Called Strike
0-1: Ball
1-1: Foul Ball, location: 2F
1-2: SINGLE (Line Drive, 56)
Batting: LHB Jim Unknown 0-0: Called Strike
0-1: Called Strike
0-2: SINGLE (Line Drive, 8LS)
Manuel González to second
Runner from 2nd tries for 3rd, SAFE, throw made to third
Batting: SHB Jim Unknown 0-0: Ball
1-0: Called Strike
1-1: Ball
2-1: Foul Ball, location: 2F
2-2: Foul Ball, location: 2F
2-2: Foul Ball, location: 2F
2-2: Strikes out swinging
Batting: RHB José Casarreal 0-0: Swinging Strike
0-1: Foul Ball, location: 2F
0-2: SINGLE (Line Drive, 6MD)
Manuel González scores
Jim Unknown to second
Batting: RHB Jong-duk Kim 0-0: Called Strike
0-1: Ball
1-1: Ball
2-1: Swinging Strike
2-2: Strikes out swinging
Top of the 2nd over - 2 run(s), 4 hit(s), 0 error(s), 2 left on base; Gryfindor 2 - Augusta 0
BOTTOM OF THE 2ND
Augusta Timber Hawks batting - Pitching for Gryfindor Braves : RHP Sandro So Payo
Batting: RHB Eddy Baxter 0-0: Ball
1-0: Foul Ball, location: 2F
1-1: Ball
2-1: Foul Ball, location: 2F
2-2: Ball
3-2: SINGLE (Line Drive, 6M)
Batting: RHB Rob Young 0-0: Ball
1-0: Foul Ball, location: 2F
1-1: Fly out, F4 (Popup, 34)
Batting: RHB Dave Bush 0-0: Ground out 5-3 (Groundball, 5S)
Eddy Baxter to second
Batting: SHB José Salazar 0-0: Called Strike
0-1: Ground out 4-3 (Groundball, 34)
Bottom of the 2nd over - 0 run(s), 1 hit(s), 0 error(s), 1 left on base; Gryfindor 2 - Augusta 0
TOP OF THE 3RD
Gryfindor Braves batting - Pitching for Augusta Timber Hawks : RHP Norm Burris
Batting: RHB António Santana 0-0: Ball
1-0: Ball
2-0: Foul Ball, location: 2F
2-1: Foul Ball, location: 2F
2-2: Fly out, F9 (Flyball, 9M)
Batting: RHB Jim Unknown 0-0: Ball
1-0: Ground out 5-3 (Groundball, 5S)
Batting: RHB Jim Unknown 0-0: SINGLE (Groundball, 4D)
Batting: RHB Jim Unknown 0-0: Ball
1-0: Swinging Strike
Reached via error on a dropped throw, E3
Jim Unknown to second
Batting: RHB Manuel González 0-0: Ball
Wild Pitch!
Jim Unknown to third
Jim Unknown to second
1-0: Foul Ball, location: 2F
1-1: Swinging Strike
1-2: Ball
2-2: Foul Ball, location: 2F
2-2: Foul Ball, location: 2F
2-2: Ball
3-2: Ground out 1-3 (Groundball, 13S)
Top of the 3rd over - 0 run(s), 1 hit(s), 1 error(s), 2 left on base; Gryfindor 2 - Augusta 0
BOTTOM OF THE 3RD
Augusta Timber Hawks batting - Pitching for Gryfindor Braves : RHP Sandro So Payo
Batting: RHB Juan Banda 0-0: Ball
1-0: Ground out 6-3 (Groundball, 6)
Batting: LHB Jerry Burnett 0-0: Ball
1-0: Foul Ball, location: 2F
1-1: Called Strike
1-2: Ball
2-2: Ball
3-2: Strikes out looking
Batting: RHB Billy Strauss 0-0: Ball
1-0: Reached on error, E5 (Groundball, 5)
Batting: SHB Lawrence Franklin 0-0: Called Strike
Billy Strauss steals 2nd base
0-1: Ground out 3-6 (Groundball, 3)
Bottom of the 3rd over - 0 run(s), 0 hit(s), 1 error(s), 1 left on base; Gryfindor 2 - Augusta 0
TOP OF THE 4TH
Gryfindor Braves batting - Pitching for Augusta Timber Hawks : RHP Norm Burris
Batting: LHB Jim Unknown 0-0: Foul Ball, location: 2F
0-1: Foul Ball, location: 2F
0-2: Ball
1-2: Ball
2-2: Ball
3-2: SINGLE (Line Drive, 6MD)
Batting: SHB Jim Unknown 0-0: Fly out, F6 (Popup, 6D)
Batting: RHB José Casarreal 0-0: Ground out 5-3 (Groundball, 5S)
Jim Unknown to second
Batting: RHB Jong-duk Kim 0-0: Ball
1-0: Called Strike
1-1: Foul Ball, location: 2F
1-2: Strikes out swinging
Top of the 4th over - 0 run(s), 1 hit(s), 0 error(s), 1 left on base; Gryfindor 2 - Augusta 0
BOTTOM OF THE 4TH
Augusta Timber Hawks batting - Pitching for Gryfindor Braves : RHP Sandro So Payo
Batting: RHB Bob Dickerson 0-0: Called Strike
0-1: Foul Ball, location: 2F
0-2: Foul Ball, location: 2F
0-2: Ball
1-2: SINGLE (Groundball, 6MD) (infield hit)
Batting: RHB Eddy Baxter 0-0: Ball
1-0: Ball
2-0: Ball
3-0: Base on Balls
Bob Dickerson to second
Batting: RHB Rob Young 0-0: Ball
1-0: Ball
2-0: Grounds into double play, 6-4-3 (Groundball, 6)
Bob Dickerson to third
Batting: RHB Dave Bush 0-0: Ground out 4-3 (Groundball, 4M)
Bottom of the 4th over - 0 run(s), 1 hit(s), 0 error(s), 1 left on base; Gryfindor 2 - Augusta 0
TOP OF THE 5TH
Gryfindor Braves batting - Pitching for Augusta Timber Hawks : RHP Norm Burris
Batting: RHB António Santana 0-0: SINGLE (Groundball, 5D)
Batting: RHB Jim Unknown 0-0: Fly out, F3 (Line Drive, 3)
Batting: RHB Jim Unknown 0-0: Foul Ball, location: 2F
0-1: Foul Ball, location: 2F
0-2: SINGLE (Line Drive, 56)
António Santana to second
Batting: RHB Jim Unknown 0-0: Ball
1-0: Fielders Choice at 2nd, 6-4 (Groundball, 6M)
António Santana to third
Batting: RHB Manuel González 0-0: Ball
1-0: Ball
2-0: Ball
3-0: Called Strike
3-1: Base on Balls
Jim Unknown to second
Batting: LHB Jim Unknown 0-0: Ball
1-0: Foul Ball, location: 2F
1-1: TRIPLE (Flyball, 89XD)
António Santana scores
Jim Unknown scores
Manuel González scores
Pitching: LHP Josh Cox
Batting: SHB Jim Unknown 0-0: Foul Ball, location: 2F
0-1: Ball
1-1: Ball
2-1: Ball
3-1: Foul Ball, location: 2F
3-2: Fly out, F3 (Popup, 3L)
Top of the 5th over - 3 run(s), 3 hit(s), 0 error(s), 1 left on base; Gryfindor 5 - Augusta 0
BOTTOM OF THE 5TH
Augusta Timber Hawks batting - Pitching for Gryfindor Braves : RHP Sandro So Payo
Batting: SHB José Salazar 0-0: Ball
1-0: Called Strike
1-1: Foul Ball, location: 2F
1-2: Ball
2-2: Ball
3-2: Foul Ball, location: 2F
3-2: Foul Ball, location: 2F
3-2: Foul Ball, location: 2F
3-2: Ground out 5-3 (Groundball, 5S)
Batting: RHB Juan Banda 0-0: Ball
1-0: Ball
2-0: Fly out, F8 (Flyball, 8LM)
Batting: LHB Jerry Burnett 0-0: Called Strike
0-1: Foul Ball, location: 2F
0-2: Ball
1-2: Ball
2-2: Foul Ball, location: 2F
2-2: Foul Ball, location: 2F
2-2: Strikes out looking
Bottom of the 5th over - 0 run(s), 0 hit(s), 0 error(s), 0 left on base; Gryfindor 5 - Augusta 0
TOP OF THE 6TH
Gryfindor Braves batting - Pitching for Augusta Timber Hawks : LHP Josh Cox
Batting: RHB José Casarreal 0-0: Ball
1-0: Ball
2-0: SINGLE (Groundball, 3S)
Batting: RHB Jong-duk Kim 0-0: SINGLE (Line Drive, 8LS)
José Casarreal to second
Batting: RHB António Santana 0-0: Foul Ball, location: 2F
0-1: Ball
1-1: Grounds into double play, 6-4-3 (Groundball, 56)
José Casarreal to third
Batting: RHB Jim Unknown 0-0: Ball
1-0: Foul Ball, location: 2F
1-1: Foul Ball, location: 2F
1-2: Strikes out looking
Top of the 6th over - 0 run(s), 2 hit(s), 0 error(s), 1 left on base; Gryfindor 5 - Augusta 0
BOTTOM OF THE 6TH
Augusta Timber Hawks batting - Pitching for Gryfindor Braves : RHP Sandro So Payo
Batting: RHB Billy Strauss 0-0: Called Strike
0-1: Fly out, F3 (Line Drive, 34)
Batting: SHB Lawrence Franklin 0-0: Foul Ball, location: 2F
0-1: SINGLE (Flyball, 7LM)
Batting: RHB Bob Dickerson 0-0: Called Strike
0-1: Called Strike
0-2: Ball
1-2: Ball
2-2: Ball
3-2: 2-RUN HOME RUN (Flyball, 78XD), Distance : 444 ft
Batting: RHB Eddy Baxter 0-0: Ball
1-0: SINGLE (Line Drive, 4MD)
Batting: RHB Rob Young 0-0: Ball
1-0: Foul Ball, location: 2F
1-1: Fly out, F9 (Flyball, 9LM)
Batting: RHB Dave Bush 0-0: Ball
1-0: DOUBLE (Line Drive, 5D)
Eddy Baxter to third
Batting: SHB José Salazar 0-0: Ball
1-0: Ball
2-0: Ball
3-0: Called Strike
3-1: SINGLE (Groundball, 6MD)
Eddy Baxter scores
Dave Bush to third
Runner from 3rd tries for Home, SAFE, no throw or cutoff
Batting: RHB Juan Banda 0-0: Foul Ball, location: 2F
0-1: Ball
Wild Pitch!
José Salazar to second
1-1: Fly out, F4 (Popup, 4D)
Bottom of the 6th over - 4 run(s), 5 hit(s), 0 error(s), 1 left on base; Gryfindor 5 - Augusta 4
TOP OF THE 7TH
Gryfindor Braves batting - Pitching for Augusta Timber Hawks : LHP Josh Cox
Batting: RHB Jim Unknown 0-0: Called Strike
0-1: Fly out, F3 (Popup, 3F)
Batting: RHB Jim Unknown 0-0: Foul Ball, location: 2F
0-1: Ball
1-1: Swinging Strike
1-2: Strikes out swinging
Batting: RHB Manuel González 0-0: Called Strike
0-1: Swinging Strike
0-2: Strikes out looking
Top of the 7th over - 0 run(s), 0 hit(s), 0 error(s), 0 left on base; Gryfindor 5 - Augusta 4
BOTTOM OF THE 7TH
Augusta Timber Hawks batting - Pitching for Gryfindor Braves : RHP Sandro So Payo
Batting: LHB Jerry Burnett 0-0: Called Strike
0-1: Ball
1-1: Ground out 6-3 (Groundball, 6M)
Batting: RHB Billy Strauss 0-0: TRIPLE (Line Drive, 8RM)
Batting: SHB Lawrence Franklin 0-0: Ball
1-0: Ball
2-0: Called Strike
2-1: Ball
3-1: Foul Ball, location: 2F
3-2: Base on Balls
Batting: RHB Bob Dickerson 0-0: Ball
1-0: Called Strike
1-1: Foul Ball, location: 2F
1-2: Foul Ball, location: 2F
1-2: Foul Ball, location: 2F
1-2: Foul Ball, location: 2F
1-2: Ball
2-2: DOUBLE (Line Drive, 8RS)
Billy Strauss scores
Lawrence Franklin to third
Pitching: RHP Bill Wilson
Batting: RHB Eddy Baxter 0-0: DOUBLE (Line Drive, 7LM)
Lawrence Franklin scores
Bob Dickerson scores
Batting: RHB Rob Young 0-0: Ball
1-0: Ball
2-0: Called Strike
2-1: Ball
3-1: Foul Ball, location: 2F
3-2: Ground out U3 (Groundball, 3S)
Eddy Baxter to third
Batting: RHB Dave Bush 0-0: Ball
1-0: Called Strike
1-1: Called Strike
1-2: Strikes out swinging
Bottom of the 7th over - 3 run(s), 3 hit(s), 0 error(s), 1 left on base; Gryfindor 5 - Augusta 7
TOP OF THE 8TH
Gryfindor Braves batting - Pitching for Augusta Timber Hawks : LHP Josh Cox
Now at C: Phil Hayes
Now at SS: Tom Montgomery
Batting: LHB Jim Unknown 0-0: Ball
1-0: Called Strike
1-1: Fly out, F2 (Popup, 2RF)
Batting: SHB Jim Unknown 0-0: Ball
1-0: Ball
2-0: Called Strike
2-1: Ball
3-1: Base on Balls
Batting: RHB José Casarreal 0-0: Swinging Strike
0-1: Ball
1-1: Called Strike
1-2: Ball
2-2: Strikes out swinging
Pitching: RHP Gary Jones
Batting: RHB Jong-duk Kim 0-0: Called Strike
0-1: Ball
1-1: Called Strike
1-2: Ball
2-2: Foul Ball, location: 2F
2-2: Fly out, F9 (Flyball, 9M)
Top of the 8th over - 0 run(s), 0 hit(s), 0 error(s), 1 left on base; Gryfindor 5 - Augusta 7
BOTTOM OF THE 8TH
Augusta Timber Hawks batting - Pitching for Gryfindor Braves : RHP Bill Wilson
Batting: SHB José Salazar 0-0: Foul Ball, location: 2F
0-1: Fly out, F7 (Popup, 6D)
Batting: RHB Juan Banda 0-0: Ball
1-0: Called Strike
1-1: Ball
2-1: Called Strike
2-2: DOUBLE (Line Drive, 78M)
Pitching: LHP Floyd Oglethorpe
Batting: LHB Jerry Burnett 0-0: Ball
Wild Pitch!
Juan Banda to third
1-0: Foul Ball, location: 2F
1-1: Hit by Pitch
Pitching: LHP Keith Hall
Batting: RHB Billy Strauss 0-0: Swinging Strike
0-1: Foul Ball, location: 2F
0-2: Foul Ball, location: 2F
0-2: Foul Ball, location: 2F
0-2: Reached on error, E6 (Groundball, 6)
Juan Banda scores
Jerry Burnett to second
Batting: SHB Tom Montgomery 0-0: SINGLE (Line Drive, 8LS)
Jerry Burnett to third
Billy Strauss to second
Batting: RHB Bob Dickerson 0-0: Called Strike
0-1: Foul Ball, location: 2F
0-2: Foul Ball, location: 2F
0-2: Ball
1-2: Strikes out looking
Batting: RHB Phil Hayes 0-0: Fly out, F3 (Line Drive, 34)
Bottom of the 8th over - 1 run(s), 2 hit(s), 1 error(s), 3 left on base; Gryfindor 5 - Augusta 8
TOP OF THE 9TH
Gryfindor Braves batting - Pitching for Augusta Timber Hawks : RHP Gary Jones
Batting: RHB António Santana 0-0: Ball
1-0: Called Strike
1-1: Ground out 1-3 (Groundball, 13)
Batting: RHB Jim Unknown 0-0: Called Strike
0-1: Ball
1-1: Ball
2-1: Foul Ball, location: 2F
2-2: Ball
3-2: Base on Balls
Batting: RHB Jim Unknown 0-0: Ball
1-0: Ball
2-0: Called Strike
2-1: Foul Ball, location: 2F
2-2: Foul Ball, location: 2F
2-2: Ball
3-2: Foul Ball, location: 2F
3-2: Foul Ball, location: 2F
3-2: Fly out, F9 (Flyball, 89D)
Batting: RHB Jim Unknown 0-0: Called Strike
0-1: Foul Ball, location: 2F
0-2: Ball
1-2: Foul Ball, location: 2F
1-2: Strikes out swinging
Top of the 9th over - 0 run(s), 0 hit(s), 0 error(s), 1 left on base; Gryfindor 5 - Augusta 8
This league is powered by Out of the Park Baseball, the baseball management simulation game for PC, Mac and Linux
Monday, May 4th, 2015 - OOTP Baseball 15.6 Build 34